[Event "RUS-chTW Premier 2019"]
[Site "Sochi"]
[Date "2019.05.03"]
[Round "3.9"]
[White "Loskutova, Viktoriya"]
[Black "Ambartsumova, Karina"]
[Result "1/2-1/2"]
[ECO "B47"]
[WhiteElo "2096"]
[BlackElo "2364"]
[Annotator "NA"]
[PlyCount "81"]
[EventDate "2019.05.01"]
[EventType "team-tourn"]
[EventCountry "RUS"]
[SourceTitle "playchess.com"]
[Source "ChessBase"]
[SourceQuality "1"]
[TimeControl "40/5400+30:1800+30"]

1. e4 c5 2. Nf3 e6 3. d4 cxd4 4. Nxd4 Nc6 5. Nc3 Qc7 6. Be2 a6 7. O-O Nf6 8. Be3 Be7 9. f4 d6 10. Kh1 O-O 11. Qe1 Nxd4 12. Bxd4 b5 13. a3 Nd7 14. Qg3 Bf6 15. Bxf6 Nxf6 16. Bd3 Bb7 17. e5 Nd7 18. exd6 Qxd6 19. Rad1 Bd5 20. Qh3 Nf6 21. Ne4 Nxe4 22. Bxe4 f5 23. Bxd5 exd5 24. Qf3 Rad8 25. Rfe1 Rfe8 26. Rxe8+ Rxe8 27. g3 Re4 28. Qb3 Rc4 29. Qd3 Qe6 30. Qxd5 Qxd5+ 31. Rxd5 Rxc2 32. Rd6 a5 33. b3 Rc3 34. Ra6 Rxb3 35. Rxa5 Kf7 36. a4 bxa4 37. Rxa4 Rb2 38. Ra6 h6 39. Ra7+ Kf6 40. Ra6+ Kf7 41. Ra7+ 1/2-1/2

[Event "RUS-chTW Premier 2019"]
[Site "Sochi"]
[Date "2019.05.03"]
[Round "3.10"]
[White "Markelova, Lubov"]
[Black "Zakharova, Viktoriya"]
[Result "1-0"]
[ECO "A05"]
[WhiteElo "2199"]
[BlackElo "1926"]
[Annotator "NA"]
[PlyCount "124"]
[EventDate "2019.05.01"]
[EventType "team-tourn"]
[EventCountry "RUS"]
[SourceTitle "playchess.com"]
[Source "ChessBase"]
[SourceQuality "1"]
[TimeControl "40/5400+30:1800+30"]

1. Nf3 Nf6 2. c4 e6 3. e3 b6 4. b3 Bb7 5. Bb2 Be7 6. Nc3 d5 7. d4 Nbd7 8. Bd3 a6 9. O-O O-O 10. cxd5 exd5 11. Rc1 Bd6 12. Qc2 Re8 13. Ne2 Rc8 14. Ng3 g6 15. Rfd1 Qe7 16. Qe2 Ba3 17. Rd2 b5 18. Rdc2 Bxb2 19. Rxb2 c5 20. dxc5 Nxc5 21. Rbc2 h5 22. Qd1 Nxd3 23. Qxd3 Ne4 24. Rxc8 Bxc8 25. Nd4 Qf6 26. Nxe4 dxe4 27. Qc3 h4 28. Qc6 Qe7 29. Qc7 Qb4 30. h3 Qa3 31. Rc2 Qf8 32. Qf4 Bd7 33. Rc7 Rd8 34. Qxh4 Kg7 35. Qxe4 Qd6 36. Rc1 Re8 37. Qf3 a5 38. Qd1 Qb6 39. Nf3 Bc8 40. Qd4+ Qxd4 41. Nxd4 Bd7 42. Rc7 Rd8 43. Rb7 a4 44. Kf1 Kh6 45. Ke2 Be8 46. Rb6 Rc8 47. Kd2 Rd8 48. Kc3 Rc8+ 49. Kb4 axb3 50. axb3 Kg7 51. g4 Ra8 52. f4 Ra1 53. Rb8 Kf8 54. Nxb5 Ke7 55. Rb7+ Bd7 56. Nc3 Rh1 57. Kc5 Rc1 58. Kd4 Rh1 59. Ke5 f6+ 60. Kd4 Kd6 61. Rb6+ Bc6 62. b4 Kc7 {[%emt 0:00:03] Ke4} 1-0

[Event "RUS-chTW Premier 2019"]
[Site "Sochi"]
[Date "2019.05.03"]
[Round "3.11"]
[White "Degtyareva, Kristina"]
[Black "Shafigullina, Zarina"]
[Result "0-1"]
[ECO "B33"]
[WhiteElo "1812"]
[BlackElo "2299"]
[Annotator "NA"]
[PlyCount "60"]
[EventDate "2019.05.01"]
[EventType "team-tourn"]
[EventCountry "RUS"]
[SourceTitle "playchess.com"]
[Source "ChessBase"]
[SourceQuality "1"]
[TimeControl "40/5400+30:1800+30"]

1. e4 c5 2. Nf3 Nc6 3. d4 cxd4 4. Nxd4 Nf6 5. Nc3 e5 6. Ndb5 d6 7. Bg5 a6 8. Na3 b5 9. Bxf6 gxf6 10. Nd5 f5 11. g3 fxe4 12. Bg2 Bf5 13. g4 Bg6 14. h4 h5 15. c4 Nd4 16. Rc1 Ra7 17. g5 Bg7 18. O-O O-O 19. Re1 f5 20. cxb5 axb5 21. Nb4 Qd7 22. Nac2 Rc7 23. Re3 Rfc8 24. Bf1 f4 25. Bh3 Bf5 26. Nd5 fxe3 27. Bxf5 Qxf5 28. Ncxe3 Rxc1 29. Ne7+ Kf7 30. N7xf5 Rxd1+ 0-1

[Event "RUS-chTW Premier 2019"]
[Site "Sochi"]
[Date "2019.05.03"]
[Round "3.12"]
[White "Bulatova, Kamaliya"]
[Black "Makarova, Ekaterina"]
[Result "0-1"]
[ECO "D00"]
[WhiteElo "2103"]
[BlackElo "1630"]
[Annotator "NA"]
[PlyCount "118"]
[EventDate "2019.05.01"]
[EventType "team-tourn"]
[EventCountry "RUS"]
[SourceTitle "playchess.com"]
[Source "ChessBase"]
[SourceQuality "1"]
[TimeControl "40/5400+30:1800+30"]

1. d4 d5 2. Bf4 Nf6 3. e3 Bf5 4. c4 c6 5. Nc3 e6 6. Qb3 Qc8 7. Rc1 Nbd7 8. cxd5 exd5 9. Nb5 a5 10. Nc7+ Kd8 11. Nxa8 Bb4+ 12. Kd1 Qxa8 13. Bd3 Ne4 14. Rc2 b5 15. f3 c5 16. Bxb5 c4 17. Rxc4 dxc4 18. Qxc4 Nf2+ 19. Ke2 Bd3+ 20. Qxd3 Nxd3 21. Bxd3 Qc6 22. Nh3 f6 23. e4 Bd6 24. Be3 Qb7 25. b3 Ke7 26. f4 Rc8 27. Nf2 Bb4 28. g4 Nf8 29. Rg1 Bc3 30. g5 fxg5 31. f5 h6 32. h4 Qb4 33. hxg5 Bxd4 34. gxh6 gxh6 35. Bxh6 Qb6 36. Bg5+ Ke8 37. Rg2 Nh7 38. Bf4 Nf6 39. Ng4 Rc3 40. Nxf6+ Qxf6 41. Bd2 Rc5 42. b4 Rc7 43. Bb5+ Kf7 44. Ba4 Kf8 45. Rg6 Qh4 46. Kd3 Bg7 47. bxa5 Qh3+ 48. Ke2 Rc4 49. Bc6 Rc2 50. f6 Qh2+ 51. Kf3 Qh5+ 52. Rg4 Bxf6 53. Bb4+ Be7 54. Bxe7+ Kxe7 55. Bd5 Qh3+ 56. Kf4 Rf2+ 57. Kg5 Qe3+ 58. Kg6 Rf6+ 59. Kg7 Qh6+ 0-1

[Event "RUS-chTW Premier 2019"]
[Site "Sochi"]
[Date "2019.05.03"]
[Round "3.13"]
[White "Sudakova, Irina"]
[Black "Nasybullina, Alfia"]
[Result "1/2-1/2"]
[ECO "B13"]
[WhiteElo "2313"]
[BlackElo "2065"]
[Annotator "NA"]
[PlyCount "86"]
[EventDate "2019.05.01"]
[EventType "team-tourn"]
[EventCountry "RUS"]
[SourceTitle "playchess.com"]
[Source "ChessBase"]
[SourceQuality "1"]
[TimeControl "40/5400+30:1800+30"]

1. e4 c6 2. d4 d5 3. exd5 cxd5 4. Bd3 Nc6 5. c3 Nf6 6. Bf4 Bg4 7. Qb3 Qd7 8. Nd2 e6 9. Ngf3 Be7 10. Ne5 Qc8 11. h3 Bh5 12. O-O O-O 13. Qc2 Bg6 14. Nxg6 hxg6 15. Nf3 b6 16. Rfe1 Qb7 17. a4 Rfc8 18. Qe2 a6 19. Bxg6 fxg6 20. Qxe6+ Kh8 21. Qf7 Rf8 22. Qxg6 Nh7 23. Be5 Bf6 24. Bxf6 Rxf6 25. Qh5 Qf7 26. Qxf7 Rxf7 27. Re6 Rf6 28. Rae1 Nf8 29. Re8 Rxe8 30. Rxe8 Kg8 31. Ng5 Na5 32. Rd8 Nc4 33. b3 Nd6 34. f3 g6 35. h4 Kg7 36. g4 b5 37. axb5 Nxb5 38. Rc8 Nd7 39. Kg2 Nb6 40. Rc5 Rd6 41. Nh3 Nd7 42. Rc8 Nb6 43. Rc5 Nd7 1/2-1/2

[Event "RUS-chTW Premier 2019"]
[Site "Sochi"]
[Date "2019.05.03"]
[Round "3.14"]
[White "Mukhina, Jana"]
[Black "Protopopova, Anastasiya"]
[Result "0-1"]
[ECO "B16"]
[WhiteElo "2098"]
[BlackElo "2249"]
[Annotator "NA"]
[PlyCount "96"]
[EventDate "2019.05.01"]
[EventType "team-tourn"]
[EventCountry "RUS"]
[SourceTitle "playchess.com"]
[Source "ChessBase"]
[SourceQuality "1"]
[TimeControl "40/5400+30:1800+30"]

1. e4 c6 2. d4 d5 3. Nc3 dxe4 4. Nxe4 Nf6 5. Nxf6+ gxf6 6. Qd3 Be6 7. c4 Qd7 8. Ne2 Bf5 9. Qe3 h5 10. Ng3 Bg6 11. Ne4 Bg7 12. Nc5 Qc7 13. f4 Nd7 14. Nd3 O-O-O 15. Be2 Nb6 16. b3 e5 17. O-O Bxd3 18. Bxd3 exd4 19. Qh3+ Kb8 20. a4 Bf8 21. Bd2 Nd7 22. b4 a5 23. Rfb1 Bxb4 24. Bxb4 axb4 25. Qf5 Qd6 26. a5 Nc5 27. a6 Nxa6 28. Rxa6 bxa6 29. c5 Qe6 30. Rxb4+ Kc7 31. Qxe6 fxe6 32. Bxa6 Ra8 33. Rb7+ Kd8 34. Rb4 e5 35. f5 Rh7 36. Bd3 Rha7 37. Be4 Kc7 38. Bf3 h4 39. Be4 Ra1+ 40. Kf2 R8a2+ 41. Kf3 Rf1+ 42. Kg4 Rf4+ 43. Kh5 Rxe4 44. Kg6 Rxg2+ 45. Kxf6 Rxh2 46. Ra4 Rf2 47. Ra7+ Kb8 48. Rh7 d3 0-1

[Event "RUS-chTW Premier 2019"]
[Site "Sochi"]
[Date "2019.05.03"]
[Round "3.15"]
[White "Lysenko, Margarita"]
[Black "Mironenko, Galina"]
[Result "1/2-1/2"]
[ECO "E25"]
[WhiteElo "2211"]
[BlackElo "1901"]
[Annotator "NA"]
[PlyCount "86"]
[EventDate "2019.05.01"]
[EventType "team-tourn"]
[EventCountry "RUS"]
[SourceTitle "playchess.com"]
[Source "ChessBase"]
[SourceQuality "1"]
[TimeControl "40/5400+30:1800+30"]

1. d4 Nf6 2. c4 e6 3. Nc3 Bb4 4. f3 d5 5. a3 Bxc3+ 6. bxc3 c5 7. cxd5 Nxd5 8. dxc5 Qa5 9. e4 Nf6 10. Be3 O-O 11. Qb3 Nfd7 12. Kf2 Qc7 13. Qb4 Nc6 14. Qb5 Nce5 15. Nh3 b6 16. c6 a6 17. Qa4 Nc5 18. Bxc5 bxc5 19. Be2 Nxc6 20. Rhd1 Bd7 21. Qc2 e5 22. Ng1 Be6 23. Rab1 c4 24. Qc1 Na5 25. Rb4 Nb3 26. Qe3 Rfc8 27. g3 a5 28. Rb6 Nd4 29. Rb2 Nb3 30. f4 f6 31. f5 Bf7 32. g4 Qe7 33. Ra2 Rd8 34. Rxd8+ Rxd8 35. Nf3 Qc5 36. Qxc5 Nxc5 37. Ke3 Nb3 38. Rc2 Kf8 39. Nd2 Nxd2 40. Rxd2 Rxd2 41. Kxd2 Ke7 42. Bd1 Be8 43. Ke3 Kd6 1/2-1/2

[Event "RUS-chTW Premier 2019"]
[Site "Sochi"]
[Date "2019.05.03"]
[Round "3.16"]
[White "Filippova, Darya"]
[Black "Geller, Anastasiya"]
[Result "0-1"]
[ECO "D45"]
[WhiteElo "2070"]
[BlackElo "2187"]
[Annotator "NA"]
[PlyCount "78"]
[EventDate "2019.05.01"]
[EventType "team-tourn"]
[EventCountry "RUS"]
[SourceTitle "playchess.com"]
[Source "ChessBase"]
[SourceQuality "1"]
[TimeControl "40/5400+30:1800+30"]

1. d4 d5 2. Nf3 e6 3. c4 c6 4. e3 Nf6 5. Nc3 Nbd7 6. Qc2 Bd6 7. b3 O-O 8. Bd3 h6 9. Bb2 a6 10. h3 Qe7 11. O-O-O dxc4 12. Bxc4 b5 13. Be2 Bb7 14. e4 e5 15. dxe5 Nxe5 16. Nd4 Ba3 17. Nf5 Bxb2+ 18. Kxb2 Qb4 19. Nd6 Bc8 20. f4 Ng6 21. g3 Ne8 22. e5 Ne7 23. Nxc8 Rxc8 24. Bg4 Rc7 25. Rhe1 c5 26. e6 f5 27. Bf3 Nf6 28. Rd6 c4 29. Red1 Qa5 30. a3 b4 31. axb4 Qxb4 32. Na4 Rb8 33. Rd8+ Rxd8 34. Rxd8+ Kh7 35. Nc3 Qb6 36. Nd5 Nfxd5 37. Bxd5 cxb3 38. Qxb3 Qd4+ 39. Kb1 Rc3 0-1

[Event "RUS-chTW Premier 2019"]
[Site "Sochi"]
[Date "2019.05.04"]
[Round "4.1"]
[White "Bodnaruk, Anastasia"]
[Black "Ushenina, Anna"]
[Result "1-0"]
[ECO "B12"]
[WhiteElo "2431"]
[BlackElo "2442"]
[Annotator "NA"]
[PlyCount "87"]
[EventDate "2019.04.30"]
[EventType "team-tourn"]
[EventCountry "RUS"]
[SourceTitle "playchess.com"]
[Source "ChessBase"]
[SourceQuality "1"]
[TimeControl "40/5400+30:1800+30"]

1. e4 c6 2. d4 d5 3. e5 c5 4. c3 Nc6 5. Be2 cxd4 6. cxd4 Bf5 7. Nf3 e6 8. O-O Nge7 9. a3 Bg6 10. Nc3 Nf5 11. g4 Nh4 12. Nxh4 Qxh4 13. f4 f5 14. exf6 gxf6 15. Be3 Bd6 16. Bf2 Qh3 17. Bg3 h5 18. Re1 O-O-O 19. b4 Bc7 20. Rc1 Kb8 21. Nb5 Be4 22. Bf1 Qxg4 23. Qxg4 hxg4 24. Nxc7 Nxd4 25. Nxe6 Nf3+ 26. Kf2 Nxe1 27. f5+ Ka8 28. Nc7+ Kb8 29. Nxd5+ Ka8 30. Nc7+ Kb8 31. Ne6+ Ka8 32. Nxd8 Rxd8 33. Rxe1 Bxf5 34. Re7 a6 35. Rf7 Rd2+ 36. Ke3 Ra2 37. Rf8+ Ka7 38. Bb8+ Ka8 39. Be5+ Ka7 40. Bd4+ b6 41. Rxf6 Rxa3+ 42. Kd2 Ra2+ 43. Kc3 Bc8 44. Rxb6 1-0

[Event "RUS-chTW Premier 2019"]
[Site "Sochi"]
[Date "2019.05.04"]
[Round "4.2"]
[White "Pogonina, Natalija"]
[Black "Ovod, Evgenija"]
[Result "1/2-1/2"]
[ECO "D11"]
[WhiteElo "2453"]
[BlackElo "2362"]
[Annotator "ChessBase"]
[PlyCount "81"]
[EventDate "2019.04.30"]
[EventType "team-tourn"]
[EventCountry "RUS"]
[SourceTitle "playchess.com"]
[Source "ChessBase"]
[SourceQuality "1"]
[TimeControl "40/5400+30:1800+30"]

1. d4 d5 2. c4 c6 3. Nf3 Nf6 4. Qc2 e6 5. g3 Bd6 6. Nbd2 Nbd7 7. Bg2 O-O 8. O-O Qe7 9. b3 e5 10. cxd5 cxd5 11. dxe5 Nxe5 12. Bb2 Bg4 13. Nxe5 Bxe5 14. Bxe5 Qxe5 15. Nf3 Bxf3 16. Bxf3 Rfc8 17. Qd3 Rc3 18. Qb5 b6 19. Rac1 Rac8 20. Rxc3 Rxc3 21. Rd1 g5 22. Qa4 Kg7 23. h4 g4 24. Bg2 Qxe2 25. Rf1 Qd2 26. Qxa7 Qd4 27. Qa4 Qxa4 28. bxa4 Ra3 29. Rd1 Rxa2 30. Rd4 Ra1+ 31. Kh2 h6 32. Bxd5 Nxd5 33. Rxd5 Rxa4 34. Rb5 Ra6 35. Kg2 Kg6 36. Kf1 f6 37. Ke2 h5 38. Ke3 Ra3+ 39. Ke2 Ra2+ 40. Ke3 Ra3+ 41. Ke4 1/2-1/2

[Event "RUS-chTW Premier 2019"]
[Site "Sochi"]
[Date "2019.05.04"]
[Round "4.3"]
[White "Belenkaya, Dina"]
[Black "Girya, Olga"]
[Result "1/2-1/2"]
[ECO "B19"]
[WhiteElo "2315"]
[BlackElo "2449"]
[Annotator "NA"]
[PlyCount "64"]
[EventDate "2019.04.30"]
[EventType "team-tourn"]
[EventCountry "RUS"]
[SourceTitle "playchess.com"]
[Source "ChessBase"]
[SourceQuality "1"]
[TimeControl "40/5400+30:1800+30"]

1. e4 c6 2. d4 d5 3. Nc3 dxe4 4. Nxe4 Bf5 5. Ng3 Bg6 6. h4 h6 7. Nf3 Nd7 8. h5 Bh7 9. Bd3 Bxd3 10. Qxd3 e6 11. Bd2 Ngf6 12. O-O-O Qc7 13. Ne4 O-O-O 14. g3 Be7 15. Kb1 c5 16. Bf4 Qc6 17. Nxf6 Bxf6 18. Qa3 cxd4 19. Qxa7 e5 20. Qa8+ Kc7 21. Qa5+ Qb6 22. Qxb6+ Kxb6 23. Bc1 Nc5 24. Nh2 e4 25. Ng4 Be7 26. Ne5 Rd5 27. Bf4 f6 28. Nc4+ Kc6 29. Na5+ Kb6 30. Nc4+ Kc6 31. Na5+ Kb6 32. Nc4+ Kc6 1/2-1/2

[Event "RUS-chTW Premier 2019"]
[Site "Sochi"]
[Date "2019.05.04"]
[Round "4.4"]
[White "Guseva, Marina"]
[Black "Styazhkina, Anna"]
[Result "0-1"]
[ECO "D10"]
[WhiteElo "2402"]
[BlackElo "2272"]
[Annotator "NA"]
[PlyCount "92"]
[EventDate "2019.04.30"]
[EventType "team-tourn"]
[EventCountry "RUS"]
[SourceTitle "playchess.com"]
[Source "ChessBase"]
[SourceQuality "1"]
[TimeControl "40/5400+30:1800+30"]

1. d4 d5 2. c4 c6 3. Nc3 Nf6 4. e3 Bf5 5. Nf3 a6 6. Bd3 Bxd3 7. Qxd3 e6 8. O-O Bb4 9. a3 Bxc3 10. bxc3 O-O 11. a4 Nbd7 12. c5 Re8 13. c4 Qc7 14. Bb2 Ne4 15. Rfc1 Rad8 16. Ne1 f6 17. f3 Ng5 18. Bc3 Nf8 19. Rab1 Nf7 20. Nc2 Qe7 21. cxd5 exd5 22. Be1 Rd7 23. Bg3 Qe6 24. Re1 f5 25. Na1 g5 26. Nb3 Ng6 27. Nd2 Qf6 28. Bf2 Rf8 29. Rb3 Nd8 30. Qb1 Rdf7 31. Rb2 h5 32. Nb3 h4 33. Na5 Qg7 34. h3 Re7 35. Kh1 Qf7 36. Bg1 Rfe8 37. Rb3 g4 38. fxg4 fxg4 39. hxg4 h3 40. Rf1 hxg2+ 41. Kxg2 Qe6 42. Kg3 Rg7 43. Nxb7 Ne5 44. Rf5 Nxg4 45. Kf3 Nxb7 46. Ke2 Na5 0-1

[Event "RUS-chTW Premier 2019"]
[Site "Sochi"]
[Date "2019.05.04"]
[Round "4.5"]
[White "Kosteniuk, Alexandra"]
[Black "Sudakova, Irina"]
[Result "0-1"]
[ECO "C43"]
[WhiteElo "2546"]
[BlackElo "2313"]
[Annotator "ChessBase"]
[PlyCount "92"]
[EventDate "2019.04.30"]
[EventType "team-tourn"]
[EventCountry "RUS"]
[SourceTitle "playchess.com"]
[Source "ChessBase"]
[SourceQuality "1"]
[TimeControl "40/5400+30:1800+30"]

1. e4 e5 2. Nf3 Nf6 3. d4 exd4 4. e5 Ne4 5. Qxd4 d5 6. exd6 Nxd6 7. Bg5 Nc6 8. Qc3 f6 9. Be3 Be6 10. Bd3 Qd7 11. O-O Nf5 12. Bc5 Bxc5 13. Qxc5 Qe7 14. Qb5 Nd6 15. Qh5+ Qf7 16. Qc5 O-O-O 17. Nbd2 g5 18. Rfe1 h5 19. b4 Kb8 20. b5 Na5 21. Nd4 Bc8 22. Qc3 Qd5 23. N4b3 Nxb3 24. axb3 Nxb5 25. Qxf6 Rhf8 26. Qe5 Nd4 27. Qe3 a6 28. Ne4 g4 29. b4 h4 30. Ra5 Qg8 31. Rg5 Qh8 32. b5 h3 33. c3 Nf3+ 34. gxf3 Rxf3 35. Qe2 Rfxd3 36. bxa6 b6 37. Rb1 Bxa6 38. Qxg4 Bb7 39. Re1 Re8 40. f3 Rxc3 41. Rd1 Bc8 42. Qf4 Rf8 43. Qd2 Rcxf3 44. Rg3 Rxg3+ 45. hxg3 Bb7 46. Ng5 h2+ 0-1

[Event "RUS-chTW Premier 2019"]
[Site "Sochi"]
[Date "2019.05.04"]
[Round "4.6"]
[White "Protopopova, Anastasiya"]
[Black "Shuvalova, Polina"]
[Result "1-0"]
[ECO "A05"]
[WhiteElo "2249"]
[BlackElo "2439"]
[Annotator "NA"]
[PlyCount "123"]
[EventDate "2019.04.30"]
[EventType "team-tourn"]
[EventCountry "RUS"]
[SourceTitle "playchess.com"]
[Source "ChessBase"]
[SourceQuality "1"]
[TimeControl "40/5400+30:1800+30"]

1. Nf3 Nf6 2. g3 d5 3. Bg2 c6 4. O-O Bf5 5. c4 e6 6. cxd5 exd5 7. d3 Be7 8. Qb3 Qb6 9. Qc2 O-O 10. Nc3 Na6 11. e4 Bg6 12. Nh4 Rad8 13. a3 Nc5 14. b4 Ne6 15. Na4 Nd4 16. Qb2 Qb5 17. Nxg6 hxg6 18. e5 Qxa4 19. Qxd4 Ne8 20. Bb2 Nc7 21. Qe3 Rfe8 22. f4 a5 23. Bd4 Ne6 24. Bc5 d4 25. Qc1 Qb5 26. Bxe7 Rxe7 27. Qd2 Ra8 28. Rfb1 Qa6 29. Be4 axb4 30. Qxb4 Rd7 31. Rc1 Qa5 32. Qc4 Qa4 33. Qa2 Re7 34. Rc4 Qa5 35. Rcc1 Qd8 36. Qb3 Ra5 37. Qb4 Rb5 38. Qe1 g5 39. a4 Ra5 40. Qf2 gxf4 41. gxf4 Nc5 42. Re1 Re6 43. Kh1 Rh6 44. f5 Qh4 45. Qg2 Qf4 46. e6 fxe6 47. Rf1 Qh4 48. Rg1 Qe7 49. Qd2 Qh4 50. Qg2 Qf6 51. fxe6 Nxe6 52. Raf1 Qe7 53. Bf5 Re5 54. Qg4 Rh4 55. Qg3 Nf8 56. Be4 Reh5 57. Rg2 Rh3 58. Qb8 Rh6 59. Bg6 Re3 60. Rgf2 Qf6 61. Rxf6 gxf6 62. Be4 1-0

[Event "RUS-chTW Premier 2019"]
[Site "Sochi"]
[Date "2019.05.04"]
[Round "4.7"]
[White "Bivol, Alina"]
[Black "Lysenko, Margarita"]
[Result "1/2-1/2"]
[ECO "B51"]
[WhiteElo "2393"]
[BlackElo "2211"]
[Annotator "NA"]
[PlyCount "172"]
[EventDate "2019.04.30"]
[EventType "team-tourn"]
[EventCountry "RUS"]
[SourceTitle "playchess.com"]
[Source "ChessBase"]
[SourceQuality "1"]
[TimeControl "40/5400+30:1800+30"]

1. e4 c5 2. Nf3 d6 3. Bb5+ Nd7 4. O-O a6 5. Bd3 b5 6. c3 Ngf6 7. Re1 Bb7 8. Bc2 e6 9. d4 cxd4 10. cxd4 Be7 11. a4 bxa4 12. Nc3 O-O 13. Rxa4 e5 14. Qe2 Re8 15. d5 Nc5 16. Ra3 a5 17. Be3 Qc8 18. Rea1 Bd8 19. Qd1 Ng4 20. Bd2 Bb6 21. Be1 Qd8 22. Nd2 Nf6 23. Nc4 Bc7 24. Ne3 Ba6 25. Bd2 g6 26. Qf3 Nh5 27. Nf5 f6 28. Nd1 Bb5 29. Nh6+ Kf8 30. b4 Na6 31. bxa5 Nf4 32. Bxf4 exf4 33. Nc3 Bd7 34. Qxf4 Kg7 35. Ng4 g5 36. Qg3 h5 37. Ne3 Nb4 38. Bd1 h4 39. Qf3 Rxa5 40. Rxa5 Bxa5 41. Qe2 Bb6 42. Rb1 Bc5 43. Ba4 Bxe3 44. Bxd7 Qxd7 45. Qxe3 Na6 46. f4 Qe7 47. fxg5 fxg5 48. Re1 Nc5 49. Qd2 Qe5 50. Rd1 Rb8 51. Rf1 Rf8 52. Rxf8 Kxf8 53. Qe3 Kg7 54. g3 hxg3 55. hxg3 Kg6 56. Kh2 Qh8+ 57. Kg2 Qe5 58. Qf3 Kg7 59. Kh3 Nd7 60. Qe3 Nf6 61. Kg2 Kg6 62. Kf3 Kg7 63. Ke2 Kg6 64. Kd3 Nd7 65. Qf3 Nf6 66. Nb5 Nh5 67. g4 Nf4+ 68. Kc2 Qe7 69. Nd4 Qa7 70. Nb3 Qa2+ 71. Kc3 Qb1 72. Qe3 Qd1 73. Nd2 Qxg4 74. Qb6 Qh3+ 75. Kb2 Nd3+ 76. Kc2 Qg3 77. Qb5 Nc5 78. Qe8+ Kg7 79. Qe7+ Kg6 80. Qf8 g4 81. Qf1 Qe5 82. Qg2 Qf4 83. Kd1 Nd3 84. Ke2 Nc1+ 85. Kd1 Nd3 86. Ke2 Nc1+ 1/2-1/2

[Event "RUS-chTW Premier 2019"]
[Site "Sochi"]
[Date "2019.05.04"]
[Round "4.8"]
[White "Geller, Anastasiya"]
[Black "Voit, Daria"]
[Result "1/2-1/2"]
[ECO "B92"]
[WhiteElo "2187"]
[BlackElo "2340"]
[Annotator "NA"]
[PlyCount "142"]
[EventDate "2019.04.30"]
[EventType "team-tourn"]
[EventCountry "RUS"]
[SourceTitle "playchess.com"]
[Source "ChessBase"]
[SourceQuality "1"]
[TimeControl "40/5400+30:1800+30"]

1. e4 c5 2. Nf3 d6 3. d4 cxd4 4. Nxd4 Nf6 5. Nc3 a6 6. Be2 g6 7. Be3 Bg7 8. a4 O-O 9. Qd2 Ng4 10. Bxg4 Bxg4 11. Bh6 Nc6 12. Nb3 Be6 13. h4 Bxb3 14. cxb3 Bxh6 15. Qxh6 f6 16. Qd2 Qb6 17. Qd5+ Kg7 18. Rd1 f5 19. h5 fxe4 20. Qd2 Ne5 21. Nxe4 Qxb3 22. hxg6 hxg6 23. Qh6+ Kf7 24. Ng5+ Ke8 25. O-O Kd7 26. Ne4 b6 27. Qg7 Nc4 28. Rfe1 Rae8 29. Qxg6 Qxb2 30. Qg4+ Kc7 31. Rc1 b5 32. axb5 axb5 33. Qe6 Qd4 34. Red1 Qb6 35. Rd5 Rf4 36. Rxd6 exd6 37. Qxe8 Qc6 38. Nxd6 Qxe8 39. Nxe8+ Kc6 40. Ng7 Rf6 41. Nh5 Rf5 42. g4 Rc5 43. Nf6 Nd2 44. Rd1 Rc2 45. Kg2 b4 46. g5 Nc4 47. Rb1 Kc5 48. g6 Ne3+ 49. Kf3 Nf5 50. Ne4+ Kb5 51. Kf4 Ng7 52. Ke5 Rc6 53. Nd6+ Ka4 54. Ra1+ Kb3 55. Ra7 Rc5+ 56. Ke4 Nh5 57. Rf7 Rg5 58. Rf3+ Ka2 59. Kd4 Rxg6 60. Nc4 Rg4+ 61. Kc5 b3 62. Kb4 Nf4 63. Nd2 Ne2+ 64. Nc4 Nd4 65. Rf6 b2 66. Nxb2 Kxb2 67. Kc5 Kc3 68. Kd5 Kd3 69. f4 Ke3 70. Rf8 Nf3 71. Re8+ Kxf4 1/2-1/2

[Event "RUS-chTW Premier 2019"]
[Site "Sochi"]
[Date "2019.05.04"]
[Round "4.9"]
[White "Ambartsumova, Karina"]
[Black "Schepetkova, Margarita"]
[Result "1-0"]
[ECO "D11"]
[WhiteElo "2364"]
[BlackElo "2224"]
[Annotator "NA"]
[PlyCount "89"]
[EventDate "2019.04.30"]
[EventType "team-tourn"]
[EventCountry "RUS"]
[SourceTitle "playchess.com"]
[Source "ChessBase"]
[SourceQuality "1"]
[TimeControl "40/5400+30:1800+30"]

1. d4 d5 2. c4 c6 3. Nf3 Nf6 4. g3 Bg4 5. Ne5 Bf5 6. Qb3 Qb6 7. cxd5 Qxb3 8. axb3 Nxd5 9. Bg2 Nb4 10. O-O f6 11. e4 fxe5 12. exf5 Nc2 13. Ra5 Nxd4 14. Rxe5 Nd7 15. Ree1 Nxf5 16. Na3 g6 17. b4 a6 18. Nc4 O-O-O 19. Bf4 e5 20. Rxe5 Bxb4 21. Re4 Rhe8 22. Rd1 Rxe4 23. Bxe4 b5 24. Bxf5 gxf5 25. Nd6+ Bxd6 26. Rxd6 Kc7 27. Rh6+ Kb6 28. Rxh7 Nf6 29. Rf7 Rd1+ 30. Kg2 Nd5 31. Rxf5 b4 32. h4 a5 33. h5 a4 34. h6 Nxf4+ 35. Rxf4 Kb5 36. Rf8 Rd7 37. g4 c5 38. g5 Rh7 39. Kf3 c4 40. g6 Rxh6 41. g7 Rg6 42. g8=Q Rxg8 43. Rxg8 c3 44. bxc3 b3 45. Rg4 1-0

[Event "RUS-chTW Premier 2019"]
[Site "Sochi"]
[Date "2019.05.04"]
[Round "4.10"]
[White "Trapeznikova, Darya"]
[Black "Markelova, Lubov"]
[Result "1/2-1/2"]
[ECO "A06"]
[WhiteElo "2090"]
[BlackElo "2199"]
[Annotator "NA"]
[PlyCount "99"]
[EventDate "2019.04.30"]
[EventType "team-tourn"]
[EventCountry "RUS"]
[SourceTitle "playchess.com"]
[Source "ChessBase"]
[SourceQuality "1"]
[TimeControl "40/5400+30:1800+30"]

1. Nf3 d5 2. e3 Nf6 3. c4 c6 4. Nc3 e6 5. b3 Nbd7 6. Bb2 Bd6 7. d4 O-O 8. Bd3 e5 9. cxd5 cxd5 10. dxe5 Nxe5 11. h3 Nxf3+ 12. Qxf3 Be5 13. O-O Be6 14. Rac1 Rc8 15. Rc2 a6 16. Rfc1 b5 17. Qd1 Qd7 18. Ne2 Bxb2 19. Rxb2 Bf5 20. Rbc2 h6 21. Nf4 Bxd3 22. Qxd3 Rxc2 23. Rxc2 Rd8 24. Qd4 Qf5 25. Rc1 Ne4 26. Qb6 Qf6 27. Qxf6 Nxf6 28. Ne2 Ne4 29. Rc6 Ra8 30. Nf4 Nf6 31. Rd6 Ne4 32. Rc6 Nf6 33. a4 bxa4 34. bxa4 a5 35. Rd6 Ne4 36. Rxd5 Nc3 37. Rd4 g5 38. Rc4 Nxa4 39. Rxa4 gxf4 40. exf4 Kg7 41. g4 Kg6 42. Kg2 Ra6 43. Kg3 Ra8 44. h4 h5 45. gxh5+ Kxh5 46. f5 f6 47. Kf3 Ra7 48. Kg3 Rg7+ 49. Kf3 Ra7 50. Kg3 1/2-1/2

[Event "RUS-chTW Premier 2019"]
[Site "Sochi"]
[Date "2019.05.04"]
[Round "4.11"]
[White "Shafigullina, Zarina"]
[Black "Chan, Naruna"]
[Result "0-1"]
[ECO "E01"]
[WhiteElo "2299"]
[BlackElo "1985"]
[Annotator "NA"]
[PlyCount "120"]
[EventDate "2019.04.30"]
[EventType "team-tourn"]
[EventCountry "RUS"]
[SourceTitle "playchess.com"]
[Source "ChessBase"]
[SourceQuality "1"]
[TimeControl "40/5400+30:1800+30"]

1. d4 Nf6 2. c4 e6 3. g3 d5 4. Bg2 b6 5. Nc3 Bb7 6. Bg5 Be7 7. cxd5 exd5 8. Qb3 c6 9. Nf3 O-O 10. Ne5 Nbd7 11. Nxd7 Qxd7 12. O-O Rfe8 13. Rad1 h6 14. Bf4 Bd6 15. Bxd6 Qxd6 16. Rfe1 Re7 17. e4 Nxe4 18. Nxe4 dxe4 19. Rxe4 Rxe4 20. Bxe4 Rd8 21. Qa4 a5 22. Qb3 Qb4 23. Qxb4 axb4 24. a3 bxa3 25. bxa3 Kf8 26. g4 Ke7 27. f3 Kd6 28. Rc1 Ra8 29. Rc3 Ra4 30. Rd3 Ba6 31. Rb3 b5 32. Rc3 Bb7 33. Rd3 Bc8 34. Kf2 Rc4 35. d5 c5 36. Rb3 b4 37. Ke3 Bd7 38. Bd3 Rd4 39. axb4 Rxb4 40. Rxb4 cxb4 41. Kd4 b3 42. Be4 Bc8 43. Kc4 Bb7 44. f4 g5 45. fxg5 hxg5 46. Kd4 f6 47. h3 b2 48. Kc3 Bxd5 49. Bf5 Ke5 50. Kxb2 Bg2 51. Kc3 Bxh3 52. Kd2 Kf4 53. Ke1 Bxg4 54. Bd3 Kg3 55. Kf1 f5 56. Kg1 f4 57. Bf1 Bh3 58. Bg2 f3 59. Bxf3 Kxf3 60. Kh2 Be6 0-1